 Dungeon Crawl Stone Soup version 0.29-a0-477-g62b78b4225 (webtiles) character file.

Game seed: 14891559008938260199

51 Infinimo the Cudgeller (level 3, -2/39 HPs)
             Began as an Ogre Gladiator on May 25, 2022.
             Slain by Robin
             ... wielding a +0 short sword
              (3 damage)
             ... on level 2 of the Dungeon.
             The game lasted 00:01:50 (1731 turns).

Infinimo the Cudgeller (Ogre Gladiator)             Turns: 1731, Time: 00:01:51

Health: -2/39      AC:  3    Str: 18    XL:     3   Next: 81%
Magic:  3/3        EV: 10    Int: 11    God:
Gold:   83         SH:  0    Dex: 10    Spells: 2/2 levels left

rFire   . . .      SeeInvis .   a - +0 flail
rCold   . . .      Faith    .   (no shield)
rNeg    . . .      Spirit   .   b - +0 robe
rPois   .          Reflect  .   c - +0 hat
rElec   .          Harm     .   (no cloak)
rCorr   .          Rampage  .   (gloves unavailable)
Will    .....                   (boots unavailable)
Stlth   +.........              (no amulet)
HPRegen 0.13/turn               (no ring)
MPRegen 0.08/turn               (no ring)

@: no status effects
A: large, unfitting armour, tough skin 1
a: no special abilities


You were on level 2 of the Dungeon.
You visited 1 branch of the dungeon, and saw 2 of its levels.

You collected 83 gold pieces.

Inventory:

Hand Weapons
 a - a +0 flail (weapon)
Missiles
 d - 3 throwing nets (quivered)
 e - a large rock
Armour
 b - a +0 robe (worn)
 c - a +0 hat (worn)
Potions
 g - a potion of resistance {unknown}
 h - a potion of curing {unknown}
 i - a potion of magic {unknown}
 j - a potion of attraction {unknown}


   Skills:
 + Level 3.7 Fighting
 * Level 3.8 Maces & Flails
 - Level 2.0 Throwing
 - Level 2.6 Dodging


You had 2 spell levels left.
You didn't know any spells.
Your spell library was empty.

Dungeon Overview and Level Annotations

Branches:
Dungeon (2/15)

Altars:

Annotations:
D:2 Robin


Innate Abilities, Weirdness & Mutations

You are too large for most types of armour.
You have tough skin. (AC +1)


Message History

The goblin hits you with a +0 club.
The goblin is moderately wounded.
You thump the goblin!
You kill the goblin!
Robin throws the goblin at you! The goblin hits you with a +0 club.
Robin roars a battlecry!
The goblins go into a battle-frenzy!
You hear a shout!
You thump the goblin!
You kill the goblin!
You hear a shout!
Items here: )) ††.
The goblin attacks as you move away! The goblin hits you with a +0 club.
Robin throws the goblin at you! The goblin hits you with a +0 club.
You sock the goblin!
You kill the goblin!
Robin throws the goblin at you!
You kill the goblin!
Robin says, "Bow before me, strongest of all the hobgoblins!"
Robin throws the goblin at you! The goblin hits you with a +0 club. x2
The goblin hits you with a +0 club. x2
* * * LOW HITPOINT WARNING * * *
As you read the scroll labelled YNIFUJUNTO, it crumbles to dust.
You hear a loud clanging noise!
It was a scroll of noise.
You hear a shout! x2
The goblin hits you with a +0 club.
* * * LOW HITPOINT WARNING * * *
Robin misses you. The goblin hits you with a +0 club.
* * * LOW HITPOINT WARNING * * *
The goblin hits you with a +0 club.
* * * LOW HITPOINT WARNING * * *
Robin closely misses you.
The goblin is severely wounded.
The goblin hits you with a +0 club.
* * * LOW HITPOINT WARNING * * *
Robin hits you with a +0 short sword.
You die...

#######.##..#.# # #g..#
#.............##.# #...#
#.......##....g..######...##
#.......##..#.####..........
#...........#..g....g.......
#####.......###.######..[.......
#...........# #.# ####.#...#.
#.#.........# #g#### #.#...#.
.#......########@g..# #.#...#.
.........####..g###.# #.#...#
#.....†.........# #.# #.#...#
##.......####...# #.# #......##
##.## #.# ##### ###...##
#.####.###...# # ##.#
#............####.#. ##
#######.##..........
#.###.........


You could see Robin and 2 goblins.

Vanquished Creatures
  A worm (D:2)
  4 dart slugs
  A bat (D:1)
  2 endoplasms (D:1)
  A giant cockroach (D:1)
  9 goblins
  4 hobgoblins
  A quokka (D:1)
  2 ball pythons (D:1)
  2 frilled lizards (D:1)
  6 kobolds (D:1)
  4 rats (D:1)
37 creatures vanquished.

Vanquished Creatures (others)
  2 plants (D:1)
2 creatures vanquished.

Grand Total: 39 creatures vanquished

Notes
Turn   | Place    | Note
-------+----------+-------------------------------------------
     0 | D:1      | Infinimo the Ogre Gladiator began the quest for the Orb.
     0 | D:1      | Reached XP level 1. HP: 22/22 MP: 1/1
   203 | D:1      | Reached XP level 2. HP: 11/31 MP: 2/2
   659 | D:1      | Reached XP level 3. HP: 21/37 MP: 3/3
  1691 | D:2      | Noticed Robin
  1731 | D:2      | HP: 1/39 [goblin/+0 club[Robin] (3)]
  1731 | D:2      | Slain by Robin

Illustrated notes

Levels and vault maps discovered:
D:1:      minmay_arrival_semitransparent, layout_rooms, serial_forest,
          infiniplex_forest_clump_diagonal, infiniplex_forest_end_3,
          infiniplex_forest_straight_2, infiniplex_forest_clump_double,
          infiniplex_forest_clump_cross, infiniplex_forest_straight_4,
          minmay_quantized
D:2:      layout_loops_cross, shapermc_ecumenical_altar_mp_ritualfount,
          uniq_robin

Skill      XL: |  1 |
---------------+----+-----
Fighting       | 3 |  3.7
Maces & Flails | 3 |  3.8
Throwing       | |  2.0
Dodging        | |  2.6

Action                   || total
-------------------------++-------
Melee: Flail             ||   109
       Punch             ||     2
  Use: Scroll            ||     3
       Potion            ||     1
 Stab: Sleeping          ||     1
Armor: Robe              ||    36
Dodge: Dodged            ||    64

Table legend: (Time is in decaauts)
 A = Elapsed time spent in this place.
 B = Non-inter-level travel time spent in this place.
 C = Inter-level travel time spent in this place.
 D = Time resting spent in this place.
 E = Time spent auto-exploring this place.
 F = Levels seen in this place.
 G = Mean time per level.
                   A        B        C        D        E       F      G
               +--------+--------+--------+--------+--------+-----+--------+
         Total |   1756 |   1738 |     18 |    335 |   1120 |   2 |  878.0 |
       Dungeon |   1756 |   1738 |     18 |    335 |   1120 |   2 |  878.0 |
               +--------+--------+--------+--------+--------+-----+--------+

Top non-repeatable levels by time:
     D:1: 1489 daAuts
     D:2: 266 daAuts
